 Dungeon Crawl Stone Soup version 0.29.1-15-g9cfb28693d (webtiles) character file.

Game seed: 7161037516175412966

907 protoss039 the Trooper (level 7, -1/55 HPs)
             Began as a Demonspawn Earth Elementalist on Mar 25, 2023.
             Slain by an ogre
             ... wielding a +0 giant club
              (14 damage)
             ... on level 6 of the Dungeon.
             The game lasted 00:06:41 (5494 turns).

protoss039 the Trooper (DsEE)                       Turns: 5494, Time: 00:06:42

Health: -1/55      AC:  9    Str: 15    XL:     7   Next: 81%
Magic:  13/13      EV: 11    Int: 18    God:
Gold:   256        SH:  4    Dex: 14    Spells: 8/14 levels left

rFire   + + .      SeeInvis .   p - +5 whip of Cobil {flame, rF++}
rCold   . . .      Faith    .   (no shield)
rNeg    . . .      Spirit   .   q - +0 ring mail
rPois   +          Reflect  .   (no helmet)
rElec   .          Harm     .   (no cloak)
rCorr   .          Rampage  .   u - +2 pair of gloves {Dex+3}
Will    +++..                   (no boots)
Stlth   ..........              (no amulet)
HPRegen 0.18/turn               a - +4 ring of slaying
MPRegen 0.13/turn               k - ring of Qoom {rPois Will+++ Str+6 Dex-2 Stlth-}

@: about to teleport, marked
A: claws 2, condensation shield
a: no special abilities


You were on level 6 of the Dungeon.
You visited 1 branch of the dungeon, and saw 6 of its levels.

You collected 256 gold pieces.

Inventory:

Hand Weapons
 p - the +5 whip of Cobil (weapon) {flame, rF++}
   (You found it on level 2 of the Dungeon)

   It burns those it strikes, dealing additional fire damage.
   rF:        It greatly protects you from fire.
 C - a +1 dagger of venom
Armour
 q - a +0 ring mail (worn)
 u - a +2 pair of gloves of dexterity (worn)
Jewellery
 a - a +4 ring of slaying (left hand)
 k - the ring of Qoom (right hand) {rPois Will+++ Str+6 Dex-2 Stlth-}
   (You found it on level 2 of the Dungeon)

   [ring of strength]

   Str:       It affects your strength (+6).
   Dex:       It affects your dexterity (-2).
   rPois:     It protects you from poison.
   Will:      It greatly increases your willpower.
   Stlth:     It makes you less stealthy.
 y - a +6 ring of intelligence
Wands
 w - a wand of light (4)
 z - a wand of polymorph (13)
Scrolls
 c - 4 scrolls of teleportation
 d - a scroll of blinking {unknown}
 h - a scroll of torment {unknown}
 j - 3 scrolls of identify
 l - 2 scrolls of noise {unknown}
 n - a scroll of fog {unknown}
 o - a scroll of immolation {unknown}
 r - 2 scrolls of enchant armour
 t - 2 scrolls of acquirement {unknown}
 v - 2 scrolls of fear {unknown}
 A - a scroll of summoning {unknown}
 D - 2 scrolls of amnesia {unknown}
Potions
 b - a potion of magic
 e - a potion of flight {unknown}
 f - 2 potions of curing
 g - 2 potions of might {unknown}
 i - a potion of mutation {unknown}
 m - a potion of berserk rage {unknown}
 s - a potion of degeneration {unknown}
 x - a potion of brilliance {unknown}
 B - a potion of invisibility {unknown}
 E - a potion of heal wounds {unknown}


   Skills:
 * Level 4.8 Fighting
 * Level 4.0 Armour
 - Level 1.7 Dodging
 - Level 1.7 Stealth
 + Level 4.0 Spellcasting
 - Level 1.0 Transmutations
 + Level 4.6 Earth Magic


You had 8 spell levels left.
You knew the following spells:

 Your Spells              Type           Power      Damage    Failure   Level
a - Sandblast             Erth           40%        2d10      4%          1
b - Passwall              Tmut/Erth      10%        N/A       13%         2
c - Stone Arrow           Conj/Erth      22%        3d8       32%         3

Your spell library contained the following spells:

 Spells                   Type           Power      Damage    Failure   Level
 Magic Dart               Conj           12%        1d3       26%         1
 Ensorcelled Hibernation  Hex/Ice        6%         N/A       38%         2
 Spider Form              Tmut/Pois      5%         N/A       54%         3
 Confusing Touch          Hex            3%         N/A       63%         3
 Petrify                  Tmut/Erth      13%        N/A       65%         4
 Anguish                  Hex/Necr       1%         N/A       95%         4
 Corpse Rot               Necr/Pois/Air  3%         N/A       95%         4
 Fulminant Prism          Conj/Hex       1%         3d6       95%         4
 Yara's Violent Unravell  Hex/Tmut       2%         3d3       99%         5
 Freezing Cloud           Conj/Ice/Air   1%         6-21      100%        5
 Starburst                Conj/Fire      1%         6d3       100%        6
 Enfeeble                 Hex            1%         N/A       100%        7


Dungeon Overview and Level Annotations

Branches:
Dungeon (6/15) Zot: 26603
 Temple: D:4-7

Altars:
Kikubaaqudgha

Shops:
D:1 (   D:4 (


Innate Abilities, Weirdness & Mutations

You have very sharp fingernails.
A meltable shield of frost defends you. (SH +4)


Message History

With a horrendous wail, an alarm goes off!
A sentinel's mark forms upon you.
The hound barks!
You hear a shout! x4; You hear an angry hiss.
You hear a croak.
You hear an angry hiss.
You hear a shout! x3
You hear an angry hiss.
You hear a shout! x2; You hear a bark!
The white imp gestures at you. The puff of frost hits you!
The ogre hits you with a +0 giant club!
Unknown command.
Okay, then.
The ogre hits you with a +0 giant club!!
* * * LOW HITPOINT WARNING * * *
Unknown command.
Unknown command.
Unknown command.
Okay, then.
Press: ? - help, v - describe, . - travel
Here: a kobold brigand, wielding a +0 dagger and quivering poisoned darts The floor.
A kobold brigand comes into view.
It is wielding a +0 whip and quivering curare-tipped darts.
Unknown command.
Aiming: Bolt of Light
Press: ? - help, Shift-Dir - straight line, f - gnoll bouda
Aim: a gnoll bouda, wielding a +0 whip and wearing a +0 robe (75% to hit)
The bolt of light hits the ogre!
The ogre is moderately wounded.
The ogre is blinded.
The bolt of light hits the gnoll bouda!
The gnoll bouda is heavily wounded.
The gnoll bouda is blinded.
The bolt of light misses the kobold brigand.
Unknown command.
Unknown command.
Unknown command.
A white imp comes into view.
Unknown command.
The white imp lashes its tail.
Unknown command.
Okay, then.
As you read the scroll of teleportation, it crumbles to dust.
You feel strangely unstable. The ogre hits you with a +0 giant club!
You die...

... #.... #...
#.....#.....#...
#..#..#..#..#..#
#.K#..#5.#."#..#
#..#.....#.....# #..
.....#.....#
#..#######################
#..Sh..Kg.................
#..5..5.O@..............#.
#..#######################
#..#.....#.....#..... #
#..#.....#.....#...... #
#..#..#..#..#..#..###+ #
#5.#5.#..#..#..#..# #
#.....#.....#.....# ###
#.....# ....# .. ##..
##########..#


You could see a kobold brigand, an ogre (blind), a gnoll bouda (blind), a howler
monkey, an adder, 2 white imps and an ufetubus.

Vanquished Creatures
  A steam dragon (D:6)
  An ogre (D:4)
  A necrophage (D:6)
  4 scorpions
  4 hounds
  A jelly (D:5)
  An orc priest (D:4)
  An iguana (D:5)
  An orc wizard (D:4)
  4 gnolls (D:4)
  3 adders
  A worm (D:2)
  3 dart slugs
  12 orcs
  9 ball pythons
  2 bats
  8 endoplasms
  7 giant cockroaches
  6 goblins
  10 hobgoblins
  2 jackals (D:1)
  6 kobolds
  3 frilled lizards
  7 rats
98 creatures vanquished.

Vanquished Creatures (others)
  28 plants
28 creatures vanquished.

Grand Total: 126 creatures vanquished

Notes
Turn   | Place    | Note
-------+----------+-------------------------------------------
     0 | D:1      | protoss039 the Demonspawn Earth Elementalist began the
                  | quest for the Orb.
     0 | D:1      | Reached XP level 1. HP: 13/13 MP: 3/3
   275 | D:1      | Gained mutation: You have sharp fingernails. [demonic
                  | ancestry]
   275 | D:1      | Reached XP level 2. HP: 18/20 MP: 0/5
   520 | D:1      | Reached skill level 1 in Fighting
   912 | D:1      | Gained mutation: You have very sharp fingernails. [demonic
                  | ancestry]
   912 | D:1      | Reached XP level 3. HP: 23/26 MP: 0/6
  1062 | D:1      | Found Maesmat's Weapon Emporium.
  1206 | D:1      | Learned a level 2 spell: Passwall
  1238 | D:2      | Identified the ring of Qoom {rPois Will+++ Str+6 Dex-2
                  | Stlth-}
  1649 | D:2      | Reached XP level 4. HP: 33/33 MP: 5/8
  1749 | D:2      | Identified the +5 whip of Cobil {flame, rF++}
  1979 | D:2      | Found a faded altar of an unknown god.
  2977 | D:3      | Learned a level 3 spell: Stone Arrow
  3014 | D:4      | Noticed a scorpion
  3024 | D:4      | Killed a scorpion
  3025 | D:4      | Reached skill level 1 in Armour
  3025 | D:4      | Reached skill level 1 in Transmutations
  3025 | D:4      | Reached XP level 5. HP: 39/39 MP: 6/9
  3074 | D:4      | Noticed an ogre
  3079 | D:4      | Killed an ogre
  3175 | D:4      | Found Qothouro's Antique Weapon Shoppe.
  3515 | D:4      | Gained mutation: A meltable shield of frost defends you.
                  | (SH +4) [demonic ancestry]
  3515 | D:4      | Reached XP level 6. HP: 46/47 MP: 10/10
  3981 | D:4      | Found an ancient bone altar of Kikubaaqudgha.
  4058 | D:5      | Entered Level 5 of the Dungeon
  4585 | D:5      | Reached XP level 7. HP: 31/53 MP: 12/12
  4934 | D:5      | Got the Guidebook on the Dynamic Spider
  5201 | D:6      | Noticed a steam dragon
  5210 | D:6      | Killed a steam dragon
  5494 | D:6      | Slain by an ogre

Illustrated notes

Levels and vault maps discovered:
D:1:      elethiomel_arrival_fortress_basement, layout_basic, serial_shops,
          nicolae_shop_stone
D:2:      layout_basic, shapermc_ecumenical_altar_mp_vishouse,
          grunt_decor_mini_mirrors
D:3:      layout_loops_ring, serial_forest, infiniplex_forest_clump_medium,
          infiniplex_forest_clump_small, infiniplex_forest_end_2,
          infiniplex_forest_end_3, infiniplex_forest_clump_small,
          infiniplex_forest_clump_long, infiniplex_forest_clump_double,
          minmay_diced_spiral
D:4:      cheibrodos_pilgrimage, layout_loops_corners,
          nicolae_kikubaaqudgha_miasma_corner, elyvilon_altar_5, serial_shops,
          nicolae_diamond_shop, chequers_serial_rivers_room_b, hex_medium
D:5:      layout_loops_ring, serial_bayou_lagoon_a
D:6:      kennysheep_windowed_halls, layout_basic

Skill      XL: |  1  2  3  4  5  6  7 |
---------------+----------------------+-----
Fighting       | 1 2 3 4 |  4.8
Earth Magic    | 3 4 |  4.6
Armour         | 1 2 3 4 |  4.0
Spellcasting   | 3 4 |  4.0
Transmutations | 1 |  1.0
Dodging        | |  1.7
Stealth        | |  1.7

Action                   |  1- 3 |  4- 6 |  7- 9 || total
-------------------------+-------+-------+-------++-------
Melee: Dagger            |    20 |       |       ||    20
       Punch             |     1 |     2 |     1 ||     4
       Whip              |       |    94 |    30 ||   124
 Cast: Sandblast         |    57 |     9 |     4 ||    70
Evoke: Wand              |       |     1 |     1 ||     2
  Use: Scroll            |       |     3 |     1 ||     4
 Stab: Sleeping          |     1 |       |       ||     1
Armor: Robe              |     1 |       |       ||     1
       Leather armour    |    13 |       |       ||    13
       Ring mail         |       |    33 |    12 ||    45
Dodge: Dodged            |    37 |    62 |    28 ||   127
Block: Other             |       |    11 |     8 ||    19
